 Dungeon Crawl Stone Soup version 0.27.1-34-g3ba077fa99 (webtiles) character file.

Game seed: 7926806362644428905

88 Arum the Shield-Bearer (level 4, -9/37 HPs)
             Began as a Formicid Fighter on Jan 3, 2022.
             Killed from afar by a steam dragon (12 damage)
             ... with a ball of steam
             ... on level 6 of the Dungeon.
             The game lasted 00:02:43 (2672 turns).

Arum the Shield-Bearer (Formicid Fighter)           Turns: 2672, Time: 00:02:43

Health: -9/37      AC:  8    Str: 20    XL:     4   Next: 81%
Magic:  4/4        EV:  8    Int:  8    God:
Gold:   137        SH:  9    Dex: 11    Spells: 3/3 levels left

rFire    . . .     SeeInvis +   a - +0 quarterstaff
rCold    . . .     Faith    .   c - +0 kite shield
rNeg     . . .     Spirit   .   b - +0 scale mail
rPois    .         Reflect  .   (helmet unavailable)
rElec    .         Harm     .   (no cloak)
rCorr    .         Rampage  .   (no gloves)
Will     .....                  m - +0 pair of boots
Stlth    ..........             (no amulet)
HPRegen  0.12/turn              (no ring)
MPRegen  0.09/turn              (no ring)

@: mighty
A: permanent stasis, dig shafts and tunnels, antennae 3, four strong arms
a: Dig, Shaft Self


You were on level 6 of the Dungeon.
You visited 1 branch of the dungeon, and saw 4 of its levels.

You collected 137 gold pieces.

Inventory:

Hand Weapons
 a - a +0 quarterstaff (weapon)
Armour
 b - a +0 scale mail (worn)
 c - a +0 kite shield (worn)
 m - a +0 pair of boots (worn)
Scrolls
 e - 3 scrolls of identify {unknown}
 f - a scroll of noise {unknown}
 h - a scroll of magic mapping {unknown}
 i - a scroll of holy word {unknown}
 l - a scroll of vulnerability {unknown}
 p - a scroll of silence {unknown}
Potions
 g - a potion of flight {unknown}
 j - a potion of heal wounds {unknown}
 k - 2 potions of degeneration {unknown}
 n - a potion of cancellation {unknown}
 o - a potion of berserk rage {unknown}


   Skills:
 + Level 4.0 Fighting
 + Level 2.7 Staves
 + Level 4.1 Armour
 + Level 4.4 Shields


You had 3 spell levels left.
You didn't know any spells.
Your spell library contained the following spells:

 Spells                   Type           Power      Damage    Failure   Level
 Conjure Flame            Conj/Fire      0%         6-21      100%        3
 Ignite Poison            Fire/Tmut/Pois 0%         N/A       100%        3
 Sticky Flame             Conj/Fire      0%         2d3       100%        4


Dungeon Overview and Level Annotations

Branches:
Dungeon (3/15)

Altars:


Innate Abilities, Weirdness & Mutations

You cannot be hasted, slowed, berserked, paralysed or teleported.
You can dig through walls and to a lower floor.
You have a pair of large antennae on your head. (SInv)
Your four strong arms can wield two-handed weapons with a shield.


Message History

You hit the steam dragon.
The steam dragon is lightly wounded.
You are engulfed in a cloud of scalding steam.
The steam dragon bites you but does no damage.
You block the steam dragon's attack.
You hit the steam dragon.
The steam dragon is moderately wounded.
You are engulfed in a cloud of scalding steam.
The scorpion stings you. The steam dragon barely misses you.
The steam dragon claws you but does no damage.
The scorpion completely misses you. The steam dragon barely misses you.
The steam dragon claws you but does no damage.
You block the scorpion's attack.
You barely miss the steam dragon.
The steam dragon is moderately wounded.
The scorpion stings you. The steam dragon barely misses you.
The steam dragon claws you. You block the scorpion's attack.
The steam dragon breathes steam at you. The ball of steam hits you!
Found a stone staircase leading down.
You feel very mighty all of a sudden. The scorpion stings you.
The steam dragon bites you but does no damage.
You block the steam dragon's attack.
You closely miss the steam dragon.
The steam dragon is moderately wounded.
The scorpion barely misses you.
The steam dragon bites you but does no damage.
The steam dragon claws you but does no damage.
You block the scorpion's attack.
You sock the steam dragon!
The steam dragon is almost dead.
The steam dragon breathes steam at you. The ball of steam hits you!
* * * LOW HITPOINT WARNING * * *
You block the scorpion's attack. The steam dragon breathes steam at you.
The ball of steam hits you!
You die...

##########
#........#
#......!.#
#........#
+.§......#
##+#..§.....#
.......@....# ###
..§....sD...##...#
..>.###...........
... #.......###. .
#.......#
#.......+
#.......#
#.......#
#.......#


You could see a steam dragon (catching breath) and a scorpion.

Vanquished Creatures
  An adder (D:2)
  3 worms
  A dart slug (D:1)
  An orc (D:3)
  10 endoplasms
  3 giant cockroaches
  6 goblins
  7 hobgoblins
  2 quokkas (D:1)
  2 ball pythons (D:2)
  8 bats
  8 frilled lizards
  A kobold (D:3)
  10 rats
  A spectral goblin (D:3)
64 creatures vanquished.

Notes
Turn   | Place    | Note
-------+----------+-------------------------------------------
     0 | D:1      | Arum the Formicid Fighter began the quest for the Orb.
     0 | D:1      | Reached XP level 1. HP: 18/18 MP: 1/1
   133 | D:1      | Reached XP level 2. HP: 21/24 MP: 2/2
   668 | D:1      | Reached XP level 3. HP: 29/29 MP: 3/3
  1495 | D:2      | Reached XP level 4. HP: 32/37 MP: 4/4
  2307 | D:3      | Found a faded altar of an unknown god.
  2658 | D:3      | You fall into a shaft and drop 3 floors!
  2658 | D:6      | Noticed a steam dragon
  2658 | D:6      | Noticed a scorpion
  2672 | D:6      | Killed from afar by a steam dragon

Illustrated notes

Levels and vault maps discovered:
D:1:      lightli_arrival_maybe_door_vault, layout_loops_ring
D:2:      layout_loops_ring, st_stairs_4
D:3:      layout_basic, chequers_temple_overflow_statue_of_worship,
          dreamdust_ecumenical_altar_drowned_temple, uniq_robin
D:6:      layout_basic, minmay_temple_entry_overgrown

Skill      XL: |  1  2  3  4 |
---------------+-------------+-----
Shields        | 4 |  4.4
Armour         | 4 |  4.1
Fighting       | 4 |  4.0
Staves         | |  2.7

Action                   |  1- 3 |  4- 6 || total
-------------------------+-------+-------++-------
Melee: Quarterstaff      |   105 |    87 ||   192
  Use: Potion            |       |     1 ||     1
Armor: Scale mail        |    27 |    58 ||    85
Dodge: Dodged            |    29 |    25 ||    54
Block: Kite shield       |    50 |    50 ||   100
